 Dungeon Crawl Stone Soup version 0.29.1-12-g30fa7ad0bf (webtiles) character file.

Game seed: 14829980069375265331

63 growler the Conjurer (level 3, -5/26 HPs)
             Began as a Demonspawn Wanderer on Jan 16, 2023.
             Killed by divine providence
             ... invoked by an orc priest
              (11 damage)
             ... on level 3 of the Dungeon on Jan 17, 2023.
             The game lasted 00:05:57 (2155 turns).

growler the Conjurer (Demonspawn Wanderer)          Turns: 2155, Time: 00:05:57

Health: -5/26      AC:  4    Str: 13    XL:     3   Next: 89%
Magic:  4/4        EV: 15    Int: 14    God:
Gold:   144        SH:  0    Dex: 16    Spells: 3/4 levels left

rFire   . . .      SeeInvis .   o - +3 dagger
rCold   . . .      Faith    +   (no shield)
rNeg    . . .      Spirit   .   e - +0 robe
rPois   +          Reflect  .   f - +0 helmet
rElec   .          Harm     .   g - +0 cloak
rCorr   .          Rampage  .   (no gloves)
Will    .....                   (no boots)
Stlth   +.........              u - amulet "Vonk" {Faith rPois Dex+4 Slay+2}
HPRegen 0.08/turn               m - +4 ring of evasion
MPRegen 0.09/turn               (no ring)

@: no status effects
A: powered by death 1
a: no special abilities


You were on level 3 of the Dungeon.
You visited 1 branch of the dungeon, and saw 3 of its levels.

You collected 144 gold pieces.

Inventory:

Hand Weapons
 a - a +0 spear
 c - a +0 dagger
 o - a +3 dagger (weapon)
Missiles
 b - 3 boomerangs (quivered)
 p - 18 stones
Armour
 e - a +0 robe (worn)
 f - a +0 helmet (worn)
 g - a +0 cloak (worn)
Jewellery
 m - a +4 ring of evasion (left hand)
 u - the amulet "Vonk" (around neck) {Faith rPois Dex+4 Slay+2}
   (You found it on level 2 of the Dungeon)

   [amulet of faith]

   It allows you to gain divine favour quickly.
   Dex:       It affects your dexterity (+4).
   Slay:      It affects your accuracy & damage with ranged weapons and melee
   (+2).
   rPois:     It protects you from poison.
 y - a ring of wizardry
Scrolls
 d - a scroll of teleportation
 i - 3 scrolls of identify {unknown}
 j - a scroll of poison {unknown}
 q - a scroll of amnesia {unknown}
 s - a scroll of butterflies {unknown}
 t - a scroll of immolation {unknown}
 v - a scroll of summoning {unknown}
 w - a scroll of enchant weapon {unknown}
Potions
 h - a potion of brilliance {unknown}
 k - a potion of ambrosia {unknown}
 l - a potion of heal wounds {unknown}
 n - a potion of resistance {unknown}
 r - a potion of flight {unknown}
 x - a potion of curing {unknown}
 z - a potion of might {unknown}


   Skills:
 - Level 1.0 Fighting
 - Level 1.7 Polearms
 + Level 3.5 Throwing
 - Level 1.0 Spellcasting
 - Level 4.0 Conjurations
 - Level 1.0 Evocations


You had 3 spell levels left.
You knew the following spells:

 Your Spells              Type           Power      Damage    Failure   Level
a - Shock                 Conj/Air       24%        1d4       12%         1

Your spell library contained the following spells:

 Spells                   Type           Power      Damage    Failure   Level
 Magic Dart               Conj           44%        1d5       4%          1
 Searing Ray              Conj           22%        2d5       8%          2
 Call Imp                 Summ           0%         N/A       36%         2
 Ensorcelled Hibernation  Hex/Ice        0%         N/A       36%         2
 Mephitic Cloud           Conj/Pois/Air  4%         N/A       43%         3
 Spider Form              Tmut/Pois      0%         N/A       61%         3
 Sticky Flame             Conj/Fire      6%         2d3       75%         4
 Anguish                  Hex/Necr       0%         N/A       95%         4


Dungeon Overview and Level Annotations

Branches:
Dungeon (3/15)

Altars:


Innate Abilities, Weirdness & Mutations

You regenerate a little health from kills.


Message History

You kill the orc!
The orc priest completely misses you.
Things that are here:
a +0 flail; a +0 leather armour; an orc corpse You hit the orc priest.
The orc priest is moderately wounded.
The orc priest hits you with a +0 hand axe.
You closely miss the orc priest.
The orc priest is moderately wounded.
The orc priest mumbles some strange prayers to Beogh against you.
Pain shoots through your body!
You are too injured to fight recklessly!
You are too injured to fight recklessly!
You are too injured to fight recklessly!
Unknown command.
You hit the orc priest.
The orc priest is heavily wounded.
The orc priest hits you but does no damage.
You hit the orc priest.
The orc priest is severely wounded.
The orc priest misses you.
You barely miss the orc priest.
The orc priest is severely wounded.
The orc priest closely misses you.
You hit the orc priest.
The orc priest is almost dead.
The orc priest hits you with a +0 hand axe.
* * * LOW HITPOINT WARNING * * *
You hit the orc priest.
The orc priest is almost dead.
The orc priest misses you.
You barely miss the orc priest.
The orc priest is almost dead.
The orc priest looks satisfied for a moment.
Unknown command.
You closely miss the orc priest.
The orc priest is almost dead.
The orc priest mumbles some strange prayers to Beogh against you.
Beogh smites you!
You die...

..[#
#.......#
#####
####.#### #.#
#.# #.# #.#
#.#
###########.#
.....oo@....#
#############


You could see an orc priest and an orc.

Vanquished Creatures
  A gnoll (D:1)
  An adder (D:2)
  A worm (D:2)
  An orc (D:3)
  6 endoplasms
  5 goblins
  3 hobgoblins
  7 kobolds
  A quokka (D:1)
  A ball python (D:1)
  5 bats
  4 frilled lizards
  2 rats (D:1)
38 creatures vanquished.

Notes
Turn   | Place    | Note
-------+----------+-------------------------------------------
     0 | D:1      | growler the Demonspawn Wanderer began the quest for the
                  | Orb.
     0 | D:1      | growler set off with the following items: a +0 spear, 7
                  | boomerangs, a +0 dagger, a scroll of teleportation, a +0
                  | robe; and the following spell memorised: Shock; and the
                  | following spells available to memorise: Searing Ray, Sticky
                  | Flame.
     0 | D:1      | Reached XP level 1. HP: 15/15 MP: 2/2
    64 | D:1      | Gained mutation: You regenerate a little health from kills.
                  | [demonic ancestry]
    64 | D:1      | Reached XP level 2. HP: 21/21 MP: 3/3
   604 | D:1      | Reached XP level 3. HP: 6/26 MP: 4/4
  1790 | D:2      | Identified the amulet "Vonk" {Faith rPois Dex+4 Slay+2}
  2155 | D:3      | Killed from afar by an orc priest

Illustrated notes

Levels and vault maps discovered:
D:1:      scummos_arrival_forest, layout_rooms
D:2:      layout_loops_ring
D:3:      layout_loops_ring, dreamdust_wishing_well, minivault_25, uniq_grinder,
          uniq_ijyb

Skill      XL: |  1  2  3 |
---------------+----------+-----
Throwing       | 2 3 |  3.5
Fighting       | |  1.0
Polearms       | |  1.7
Spellcasting   | |  1.0
Conjurations   | |  4.0
Evocations     | |  1.0

Action                   || total
-------------------------++-------
Melee: Spear             ||    89
       Dagger            ||    24
       Punch             ||     1
Throw: Boomerang         ||    50
Armor: Robe              ||    29
Dodge: Dodged            ||    77
